cohdb
Replays
Latest Replays
All Replays
Popular Replays
Top Player Replays
Match Explorer
How It Works
Community
CoH3 Stats
Reddit
Sign in to upload your games and track your stats! →
Sign in with Steam
Match 46172168
Unlisted
Match 46172168
Overview
Messages
Build Orders
End
Construct Barracks
Construct Barracks
Selects Armored Battlegroup
Riflemen Squad
Riflemen Squad
M1 Mortar Team
Construct Weapon Support Center
Grenade Package
Riflemen Squad
Infantry Support Center
Selects Veteran Crews
Selects Fast Deploy
M1918 Browning Automatic Rifles
Construct Medical Station
M1919 Machine Gun Team
Advanced Logistics
Engineer Squad
Selects Seek and Destroy
Construct Tank Depot
Selects UNKNOWN (2160077)
Selects Field Repairs
M4A3E8 Sherman Easy Eight
M3 Armored Personnel Carrier
M4A3E8 Sherman Easy Eight
Don Pitudo
OppressiveDarkness
WeNSon
UneXplain
Nahuipohui
Hot Dog 7
0
0
Comments
sign in to comment!
No comments posted yet!